 Dungeon Crawl Stone Soup version 0.20.1-1-g8b1a95d (webtiles) character file.

590 digijack the Skirmisher (level 7, -11/62 HPs)
             Began as a Centaur Wanderer on Jan 1, 2018.
             Was a Believer of Nemelex Xobeh.
             Shot with an arrow by a centaur (13 damage)
             ... on level 5 of the Dungeon.
             The game lasted 00:38:07 (3919 turns).

digijack the Skirmisher (Centaur Wanderer)          Turns: 3919, Time: 00:38:08

Health: -11/62     AC:  5    Str: 13 (15) XL:     7   Next: 15%
Magic:  7/7        EV:  9    Int:  9 (10) God:    Nemelex Xobeh [**....]
Gold:   168        SH:  0    Dex: 10 (11) Spells: 6/6 levels left

rFire    + . .     SeeInvis .   k - +1 whip (elec)
rCold    . . .     Gourm    .   (no shield)
rNeg     . . .     Faith    .   o - +0 robe
rPois    .         Spirit   .   (no helmet)
rElec    .         Reflect  .   (no cloak)
rCorr    .         Harm     +   m - +0 pair of gloves
MR       .....                  (no barding)
Stlth    +.........             j - amulet of harm
Regen    0.2/turn               e - ring of protection from fire
MPRegen  0.1/turn               q - ring of flight

@: very quick
A: hooves 3, deformed body, speed 2, tough skin 3
a: Renounce Religion, Evoke Flight


You were on level 5 of the Dungeon.
You worshipped Nemelex Xobeh.
Nemelex Xobeh was pleased with you.
You were not hungry.

You visited 1 branch of the dungeon, and saw 5 of its levels.

You collected 168 gold pieces.

Inventory:

Hand Weapons
 a - a +2 hand crossbow
 k - a +1 whip of electrocution (weapon)
Missiles
 b - 23 bolts
Armour
 m - a +0 pair of gloves (worn)
 o - a +0 robe (worn)
Jewellery
 e - a ring of protection from fire (left hand)
 j - an amulet of harm (around neck)
 q - a ring of flight (right hand)
Scrolls
 d - 3 scrolls of amnesia
 g - 3 scrolls of identify
 i - 2 scrolls of magic mapping
 u - 2 scrolls of teleportation
 v - a scroll of remove curse
Potions
 c - 3 potions of curing
 l - 2 potions of haste
Miscellaneous
 p - a plain deck of destruction {drawn: 7}
 r - a plain deck of destruction
 t - a plain deck of summoning {drawn: 1}
 w - a plain deck of destruction
Comestibles
 f - 2 bread rations
 h - 13 chunks of flesh
 n - a royal jelly
 s - 2 meat rations


   Skills:
 + Level 5.9 Fighting
 * Level 4.1 Maces & Flails
   Level 1.3 Bows
 + Level 5.0 Crossbows
 - Level 1.0 Armour
   Level 1.0 Shields
 - Level 1.0 Evocations


You had 6 spell levels left.
You didn't know any spells.

Dungeon Overview and Level Annotations

Branches:
Dungeon (5/15)             Temple (0/1) D:5

Altars:
Cheibriados
Fedhas
Makhleb
Nemelex Xobeh
Okawaru
Vehumet
The Shining One


Innate Abilities, Weirdness & Mutations

You have hooves in place of feet.
Armour fits poorly on your strangely shaped body.
You cover ground very quickly.
You have extremely tough skin. (AC +3)


Message History

an uncursed shortbow; 13 arrows; 5 chunks of flesh Really walk into that cloud of thunder?
You are standing in a thunderstorm.
A hound comes into view.
You are standing in a thunderstorm.
You are struck by lightning!
* * * LOW HITPOINT WARNING * * *
Lightning arcs down from a storm cloud!
You are standing in a thunderstorm.
You are standing in a thunderstorm.
The centaur shoots an arrow.
The arrow hits your air elemental!
You are standing in a thunderstorm.
The hound completely misses your air elemental.
The hound misses your air elemental.
The hound closely misses your air elemental.
The hound completely misses your air elemental.
You draw a card...
It is the Storm.
A fierce wind blows from the card.
Your air elementals and the hound are blown away by the wind.
The centaur shoots an arrow.
The arrow hits you!
You die...
Your body disappears without a glow.

### ### #@# ...
#)#+###.# ...
#§§....c# #..
#E§c....# #...
#.§§§...#
....##.......#
#...E#.h...#
#..#.#...(#####
#..)......#.#


You could see a centaur, a hound and 2 friendly air elementals.

Vanquished Creatures
  A scorpion (D:4)
  A crimson imp (D:5)
  A howler monkey (D:4)
  A jelly (D:5)
  An orc priest (D:5)
  A bullfrog skeleton (D:4)
  An iguana (D:4)
  2 worker ants (D:4)
  A hound skeleton (D:4)
  A howler monkey skeleton (D:4)
  A gnoll (D:1)
  6 adders
  A river rat (D:3)
  An ooze (D:2)
  An adder skeleton (D:4)
  5 worms
  5 dart slugs
  2 leopard geckos (D:4)
  7 orcs
  2 ball pythons (D:3)
  2 giant cockroaches
  6 goblins
  5 hobgoblins
  9 jackals
  2 quokkas (D:2)
  9 bats
  3 frilled lizards
  10 kobolds
  8 rats
96 creatures vanquished.

Vanquished Creatures (collateral kills)
  A centaur (D:5)
  A bullfrog skeleton (D:5)
  An orc wizard (D:5)
  3 orcs (D:5)
6 creatures vanquished.

Vanquished Creatures (others)
  An orc wizard (D:5)
1 creature vanquished.

Grand Total: 103 creatures vanquished

Notes
Turn   | Place    | Note
-------+----------+-------------------------------------------
     0 | D:1      | digijack the Centaur Wanderer began the quest for the Orb.
     0 | D:1      | digijack set off with: a +2 hand crossbow, 27 bolts, a potion of curing, a +0 ring mail, a bread ration
     0 | D:1      | Reached XP level 1. HP: 20/20 MP: 1/1
    27 | D:1      | Reached XP level 2. HP: 4/27 MP: 2/2
   688 | D:1      | Reached XP level 3. HP: 34/34 MP: 3/3
  1109 | D:2      | Found a snail-covered altar of Cheibriados.
  1296 | D:2      | Found a blossoming altar of Fedhas.
  1460 | D:2      | Found a sparkling altar of Nemelex Xobeh.
  1507 | D:2      | Became a worshipper of Nemelex Xobeh the Trickster
  1574 | D:2      | Reached XP level 4. HP: 34/41 MP: 4/4
  1661 | D:2      | Received a gift from Nemelex Xobeh
  1906 | D:3      | Reached skill level 1 in Maces & Flails
  2177 | D:3      | Noticed Terence
  2181 | D:3      | Noticed Terence
  2181 | D:3      | Terence changed into Terence the river rat
  2184 | D:3      | Killed Terence the river rat
  2198 | D:3      | Found a burning altar of Makhleb.
  2257 | D:3      | Reached skill level 5 in Fighting
  2609 | D:4      | Received a gift from Nemelex Xobeh
  2614 | D:4      | Reached * piety under Nemelex Xobeh
  2638 | D:4      | Reached XP level 5. HP: 27/48 MP: 5/5
  3082 | D:4      | Received a gift from Nemelex Xobeh
  3161 | D:4      | Reached XP level 6. HP: 42/56 MP: 6/6
  3595 | D:4      | Found a glowing golden altar of the Shining One.
  3703 | D:5      | Entered Level 5 of the Dungeon
  3703 | D:5      | Received a gift from Nemelex Xobeh
  3736 | D:5      | Found a staircase to the Ecumenical Temple.
  3736 | D:5      | Reached ** piety under Nemelex Xobeh
  3766 | D:5      | Reached XP level 7. HP: 36/62 MP: 7/7
  3796 | D:5      | Found a radiant altar of Vehumet.
  3882 | D:5      | Found an iron altar of Okawaru.
  3906 | D:5      | Reached skill level 5 in Crossbows
  3913 | D:5      | HP: 1/62 [cloud of thunder (13)]
  3919 | D:5      | Shot with an arrow by a centaur

Skill      XL: |  1  2  3  4  5  6  7 |
---------------+----------------------+-----
Crossbows      | 3 4 5 |  5.0
Maces & Flails | 1 2 4 |  4.1
Fighting       | 5 |  5.9
Bows           | |  1.3
Armour         | |  1.0
Shields        | |  1.0
Evocations     | |  1.0

Action                   |  1- 3 |  4- 6 |  7- 9 || total
-------------------------+-------+-------+-------++-------
Melee: Whip              |     4 |    14 |     1 ||    19
       Kick              |       |     1 |       ||     1
 Fire: Hand crossbow     |    72 |   127 |       ||   199
Evoke: Deck              |       |     6 |     2 ||     8
  Use: Scroll            |     6 |     1 |     1 ||     8
       Potion            |     1 |     3 |       ||     4
  Eat: Chunk             |     1 |     5 |     1 ||     7
Armor: Skin              |     2 |       |       ||     2
       Robe              |    13 |    19 |       ||    32
Dodge: Dodged            |    22 |    29 |     4 ||    55
